 Dungeon Crawl Stone Soup version 0.28-a0-178-ga708605c5b (webtiles) character file.

Game seed: 10180734952021481840

158 timneilson the Covered (level 5, 0/33 HPs)
             Began as a Gargoyle Fighter on Aug 17, 2021.
             Slain by Pikel (2 damage)
             ... on level 4 of the Dungeon.
             The game lasted 00:05:50 (4377 turns).

timneilson the Covered (Gargoyle Fighter)           Turns: 4377, Time: 00:05:50

Health: 0/33       AC: 14    Str: 20    XL:     5   Next: 40%
Magic:  5/5        EV:  7    Int:  9    God:
Gold:   124        SH:  8    Dex:  9    Spells: 4/4 levels left

rFire   . . .      SeeInvis .   a - +0 long sword
rCold   . . .      Faith    .   c - +0 kite shield
rNeg    + . .      Spirit   .   b - +0 scale mail
rPois   ∞          Reflect  .   (no helmet)
rElec   +          Harm     .   j - +0 cloak
rCorr   .          Rampage  .   h - +0 pair of gloves
Will    .....                   g - +0 pair of boots
Stlth   ..........              (no amulet)
HPRegen 0.11/turn               (no ring)
MPRegen 0.09/turn               (no ring)

@: no status effects
A: sickness immunity, AC +4, negative energy resistance 1, electricity
resistance, torment resistance 1, petrification resistance
a: no special abilities


You were on level 4 of the Dungeon.
You visited 1 branch of the dungeon, and saw 4 of its levels.

You collected 124 gold pieces.

Inventory:

Hand Weapons
 a - a +0 long sword (weapon)
Armour
 b - a +0 scale mail (worn)
 c - a +0 kite shield (worn)
 g - a +0 pair of boots (worn)
 h - a +0 pair of gloves (worn)
 j - a +0 cloak (worn)
 l - a +0 plate armour
Scrolls
 f - a scroll of fog
 k - a scroll of fear {unknown}
Potions
 d - a potion of might
 e - a potion of mutation {unknown}
 i - a potion of lignification


   Skills:
 + Level 3.8 Fighting
 * Level 3.0 Long Blades
 * Level 4.5 Armour
 * Level 4.3 Shields


You had 4 spell levels left.
You didn't know any spells.
Your spell library contained the following spells:

 Spells                   Type           Power      Damage    Failure   Level
 Slow                     Hex            0%         N/A       100%        2
 Confusing Touch          Hex            0%         N/A       100%        3
 Vampiric Draining        Necr           0%         2d6       100%        3


Dungeon Overview and Level Annotations

Branches:
Dungeon (4/15)
 Temple: D:4-7

Altars:
Elyvilon
Uskayaw
Xom

Annotations:
D:4 Pikel


Innate Abilities, Weirdness & Mutations

You are immune to sickness and miasma.
Your stone body is resilient. (AC +4)
You are immune to poison.
You resist negative energy. (rN+)
You are resistant to electric shocks. (rElec)
You are resistant to unholy torment.
You are immune to petrification.


Message History

You slash the orc!
You kill the orc!
Things that are here:
a +0 falchion; an orc corpse
There is a stone staircase leading down here.
You start resting.
HP restored.
You climb downwards.
Level annotation: Pikel
There is a stone staircase leading up here.
Pikel is nearby!
Pikel shouts!
Pikel zaps a wand.
The mass of ice explodes!
The iceblast engulfs you!
You hear a shout! x2
The lemure shouts!
You barely miss Pikel. You block Pikel's attack.
You hit Pikel.
Pikel is lightly wounded.
Pikel barely misses you.
Pikel hits you with a +2 whip of freezing.
Pikel freezes you.
You hit Pikel.
Pikel is moderately wounded.
Pikel hits you but does no damage.
You hit Pikel but do no damage.
Pikel is moderately wounded.
Pikel hits you but does no damage. The lemure hits you but does no damage.
An orc comes into view. It is wielding a +0 mace.
You hit Pikel.
Pikel is moderately wounded.
Pikel cracks his whip.
Pikel hits you with a +2 whip of freezing!
Pikel freezes you.
* * * LOW HITPOINT WARNING * * *
The lemure hits you but does no damage. The lemure hits you.
* * * LOW HITPOINT WARNING * * *
Pikel hits you with a +2 whip of freezing.
* * * LOW HITPOINT WARNING * * *
Pikel freezes you.
You die...

### ##.## ..!######.###### #.#
...#............ ##.##
.o.............. #...#
................ #.P.#
#...............
#####...########...............
....##.##.....##.#####.........
...............5K#(..#.<.......
...............5@#(..#.........
############.....#####.........
#<..................
#......._...#.......
#..........##.......
#.......#..# #######
#.......##)# #.......##.#####
#.......##.....#


You could see Pikel, 2 lemures, 2 dancing weapons and an orc.

Vanquished Creatures
  2 lemures (D:4)
  Crazy Yiuf (D:2)
  An orc wizard (D:3)
  A hound skeleton (D:4)
  An adder (D:2)
  A worm (D:3)
  A dart slug (D:1)
  12 orcs (D:3)
  9 bats
  4 endoplasms
  3 giant cockroaches (D:1)
  4 goblins
  3 hobgoblins
  4 jackals (D:3)
  6 kobolds (D:1)
  5 quokkas
  3 ball pythons
  2 frilled lizards (D:1)
  4 rats
67 creatures vanquished.

Vanquished Creatures (others)
  A fungus (D:4)
1 creature vanquished.

Grand Total: 68 creatures vanquished

Notes
Turn   | Place    | Note
-------+----------+-------------------------------------------
     0 | D:1      | timneilson the Gargoyle Fighter began the quest for the
                  | Orb.
     0 | D:1      | Reached XP level 1. HP: 14/14 MP: 1/1
   192 | D:1      | Reached XP level 2. HP: 17/19 MP: 2/2
   615 | D:1      | Reached XP level 3. HP: 19/23 MP: 3/3
   736 | D:1      | HP: 1/23 [kobold (22)]
  1490 | D:2      | Found a runed translucent door.
  1491 | D:2      | Noticed Crazy Yiuf
  2166 | D:2      | Killed Crazy Yiuf
  2167 | D:2      | Reached XP level 4. HP: 10/29 MP: 1/4
  2781 | D:3      | Reached XP level 5. HP: 21/33 MP: 5/5
  3525 | D:3      | Found a faded altar of an unknown god.
  3739 | D:3      | Found a shimmering altar of Xom.
  3869 | D:4      | Noticed Pikel
  3869 | D:4      | Noticed a lemure
  3869 | D:4      | Noticed a lemure
  3869 | D:4      | Noticed a lemure
  3907 | D:4      | Found a hide-covered altar of Uskayaw.
  3907 | D:4      | Noticed a +0 hand axe
  3907 | D:4      | Noticed a +0 dagger
  3979 | D:4      | Found a white marble altar of Elyvilon.
  4025 | D:4      | Noticed a lemure
  4066 | D:4      | Killed a lemure
  4080 | D:4      | Killed a lemure
  4377 | D:4      | Slain by Pikel

Illustrated notes

Levels and vault maps discovered:
D:1:      nzn_arrival_depleted_hourglass, layout_basic, minivault_24,
          serial_bayou_pond_a, chequers_serial_rivers_small_a
D:2:      layout_loops_ring, uniq_crazy_yiuf_cottage
D:3:      layout_basic, mainiacjoe_overflow_alcove_4, basic_ecumenical_altar
D:4:      layout_basic, elyvilon_altar_1, dancing_weapons_uskayaw, uniq_pikel

Skill      XL: |  1  2  3  4  5 |
---------------+----------------+-----
Long Blades    | 2 3 |  3.0
Armour         | 4 |  4.5
Shields        | 4 |  4.3
Fighting       | |  3.8

Action                   |  1- 3 |  4- 6 || total
-------------------------+-------+-------++-------
Melee: Long sword        |   102 |   129 ||   231
  Use: Scroll            |       |     4 ||     4
Armor: Scale mail        |    59 |    89 ||   148
Dodge: Dodged            |    42 |    41 ||    83
Block: Kite shield       |    48 |    55 ||   103
       Rpst.: Long sword |    12 |    13 ||    25

Table legend: (Time is in decaauts)
 A = Elapsed time spent in this place.
 B = Non-inter-level travel time spent in this place.
 C = Inter-level travel time spent in this place.
 D = Time resting spent in this place.
 E = Time spent auto-exploring this place.
 F = Levels seen in this place.
 G = Mean time per level.
                   A        B        C        D        E       F      G
               +--------+--------+--------+--------+--------+-----+--------+
         Total |   4493 |   4364 |    129 |    245 |   3330 |   4 | 1123.2 |
       Dungeon |   4493 |   4364 |    129 |    245 |   3330 |   4 | 1123.2 |
               +--------+--------+--------+--------+--------+-----+--------+

Top non-repeatable levels by time:
     D:3: 1772 daAuts
     D:1: 1364 daAuts
     D:2: 1118 daAuts
     D:4: 237 daAuts
